 Dungeon Crawl Stone Soup version 0.32-a0-699-g1ee5eff69a (webtiles) character file.

Game seed: 8410641410588277874

382 ytrimaz the Ruffian (level 6, -8/46 HPs)
             Began as a Demigod Shapeshifter on Mar 14, 2024.
             Mangled by an ogre
             ... wielding a +0 giant club
              (24 damage)
             ... on level 4 of the Dungeon.
             The game lasted 00:03:07 (3281 turns).

ytrimaz the Ruffian (Demigod Shapeshifter)          Turns: 3281, Time: 00:03:07

Health: -8/46      AC: 10    Str: 23    XL:     6   Next: 22%
Magic:  8/8        EV:  5    Int: 12    God:
Gold:   225        SH:  0    Dex: 13    Spells: 5/5 levels left

rFire   + .          .
                       - Unarmed
rCold   . . .        (no shield)
rNeg    . . .        l - +0 plate armour
rPois   .            (helmet currently unavailable)
rElec   .            (cloak currently unavailable)
rCorr   .            (gloves currently unavailable)
SInv    .            (boots currently unavailable)
Will    .....        b - amulet of magic regeneration Stlth
                     g - ring of protection from fire
HPRegen 0.27/turn    (no ring)
MPRegen 0.51/turn

%: no passive effects
@: mighty, beast-form, attractive
A: beast (slay +2), high MP 1, forlorn, divine attributes
a: Begin Untransformation


You were on level 4 of the Dungeon.
You were a hulking beast.
You visited 1 branch of the dungeon, and saw 4 of its levels.

You collected 225 gold pieces.


Innate Abilities, Weirdness & Mutations

You are a hulking beast.
Your limbs bulge with bestial killing power. (Slay +2)
You have an increased reservoir of magic. (+10% MP)
You shall have no god before yourself.
Your divine heritage dramatically boosts your attributes as you level up.


   Skills:
 - Level 0.8 Fighting
 - Level 1.7 Dodging
 + Level 6.0 Unarmed Combat
 + Level 3.8 Shapeshifting


You had 5 spell levels left.
You didn't know any spells.
Your spell library contained the following spells:

 Spells                   Type           Power      Damage    Failure   Level
 Mercury Vapours          Alch/Air       0%         N/A       100%        2
 Mephitic Cloud           Conj/Alch/Air  0%         N/A       100%        3
 Freezing Cloud           Conj/Ice/Air   0%         6-21      100%        5

Inventory:

Armour
 l - a +0 plate armour (worn)
   (You found it on level 2 of the Dungeon)
 q - a +0 cloak
   (You found it on level 3 of the Dungeon)
Jewellery
 b - an amulet of magic regeneration (around neck)
   (You found it on level 2 of the Dungeon)
 g - a ring of protection from fire (left hand)
   (You found it on level 1 of the Dungeon)
Talismans
 c - a beast talisman (active)
 d - a flux talisman
Wands
 a - a wand of charming (9)
   (You found it on level 4 of the Dungeon)
 n - a wand of warping (5)
   (You found it on level 2 of the Dungeon)
Scrolls
 e - 2 scrolls of noise {unknown}
 f - 2 scrolls of fear {unknown}
 h - a scroll of poison {unknown}
 k - 2 scrolls of teleportation {unknown}
 m - 2 scrolls of acquirement {unknown}
Potions
 i - a potion of attraction
 p - a potion of degeneration {unknown}
 r - a potion of ambrosia {unknown}

Dungeon Overview and Level Annotations

Branches:
Dungeon (4/15) Zot: 20755
 Temple: D:4-7

Annotations:
D:3 3 runed translucent doors, NateTC's ghost, amateur GrFi

#.#...#............†...#
#.#.#.#..#.........#####
###.#.###......##.## #
..#..#....##.##.# # .#
#.##...##.##.# #
#..###.......#
#...####.####
..###....#######
⌠.....†)..zOh..#
..###....#####.#
#...########.#
#..###......#.# #. #...#
## #. #..## .## # #..#
#.# #..# #.# ####..#


You could see an ogre and a wight.


Message History

The ogre shouts!
You see here a +0 morningstar. 😕 HP[+1]
You punch the adder! Your punch misses the adder.
The adder bites you but does no damage.
You closely miss the adder. The adder bites you. 😕 HP[-1]
You take 1 damage, and now have 42/45 hp.
You punch the adder!
You kill the adder!
You hit the iguana.
The iguana bites you but does no damage. 😕 HP[+1] Unknown command.
You hit the iguana. You punch the iguana. The endoplasm hits you.
The iguana barely misses you. 😕 HP[-1]
You take 1 damage, and now have 42/45 hp.
The iguana attacks as it pursues you!
The iguana bites you but does no damage.
Unknown command.
The iguana attacks as it pursues you! The iguana closely misses you.
The endoplasm attacks as it pursues you!
The endoplasm closely misses you. 😕 HP[+1]
The iguana attacks as it pursues you!
The iguana bites you but does no damage.
It was a potion of attraction.
You feel attractive to monsters. The iguana bites you. 😕 HP[-3]
You take 3 damage, and now have 40/45 hp.
Unknown command.
You hit the iguana but do no damage. Your punch misses the iguana. 😕 HP[+1]
You hit the iguana. The iguana closely misses you.
Unknown command.
You barely miss the iguana. The iguana bites you. 😕 HP[-3]
You take 3 damage, and now have 38/45 hp.
It was a potion of curing.
You feel better. The iguana bites you. 😕 HP[+5]
You regained 5 hp, and now have 43/45 hp.
Unknown command.
You hit the iguana but do no damage. The iguana bites you! 😕 HP[-9]
You take 9 damage, and now have 34/45 hp.
You hit the iguana. The iguana barely misses you.
Unknown command.
You barely miss the iguana.
The iguana bites you but does no damage.
You punch the iguana!
You kill the iguana!
The iguana is attracted toward you. The ogre is attracted toward you.
Your life force feels restored.
Unknown command.
You now have 46 max hp (+1).
You punch the endoplasm!
You kill the endoplasm! 😕 HP[+1]
You closely miss the iguana. The iguana closely misses you.
Unknown command.
You punch the iguana!
The iguana bites you but does no damage.
You barely miss the iguana. The iguana closely misses you.
Unknown command.
You hit the iguana but do no damage. The iguana bites you. 😮 HP[-2]
You take 2 damage, and now have 33/46 hp.
Unknown command.
You closely miss the iguana. You punch the iguana.
The iguana bites you but does no damage.
You hit the iguana but do no damage.
The iguana bites you but does no damage.
Unknown command.
You hit the iguana. You punch the iguana.
You kill the iguana!
Your Unarmed Combat skill increases to level 6!
You hit the ogre. The ogre hits you with a +0 giant club!
* * * LOW HITPOINT WARNING * * *
😨 HP[-11]
You take 11 damage, and now have 22/46 hp.
MASSIVE DAMAGE!! (PAUSE)
You barely miss the ogre.
Unknown command.
You feel better. The ogre hits you with a +0 giant club!
* * * LOW HITPOINT WARNING * * *
😨 HP[-7]
You take 7 damage, and now have 15/46 hp.
Unknown command.
It was a potion of might.
You feel very mighty all of a sudden. The ogre barely misses you.
Unknown command.
You punch the ogre! 😨 HP[+1]
You punch the ogre!
The ogre hits you with a +0 giant club!!
Ouch! That really hurt!
You die...

Skill      XL: |  1  2  3  4  5  6 |
---------------+-------------------+-----
Unarmed Combat | 3 4 5 6 |  6.0
Shapeshifting  | 3 |  3.8
Fighting       | |  0.8
Dodging        | |  1.7

Action                     |  1- 3 |  4- 6 || total
---------------------------+-------+-------++-------
  Melee: Unarmed           |    93 |   172 ||   265
         Punch             |     2 |     8 ||    10
    Use: Potion            |     1 |     5 ||     6
   Stab: Sleeping          |     1 |       ||     1
 Armour: Animal skin       |    48 |     6 ||    54
         Skin              |    28 |       ||    28
         Plate armour      |       |   142 ||   142
  Dodge: Dodged            |    47 |    29 ||    76

Levels and vault maps discovered:
D:1:      co_arrival_random_square_maze, layout_loops_ring
D:2:      layout_rooms, dreamdust_ecumenical_altar_angels_and_demons
D:3:      layout_basic, mainiacjoe_overflow_boulevard,
          mainiacjoe_overflow_swirl, gammafunk_ghost_split
D:4:      minmay_general_purpose_star, layout_loops_ring,
          overflow_temple_1_default, gup_sewer_entry_spiral

Notes
Turn   | Place    | Note
-------+----------+-------------------------------------------
     0 | D:1      | ytrimaz the Demigod Shapeshifter began the quest for the
                  | Orb.
     0 | D:1      | Reached XP level 1. HP: 15/15 MP: 3/3
     0 | D:1      | magus.rc [v1.9.6]
   108 | D:1      | Reached skill level 3 in Unarmed Combat
   220 | D:1      | Reached XP level 2. HP: 16/22 MP: 4/4
   756 | D:1      | Reached XP level 3. HP: 27/27 MP: 5/5
   933 | D:2      | Reached skill level 4 in Unarmed Combat
  1069 | D:2      | Reached XP level 4. HP: 29/34 MP: 6/6
  1092 | D:2      | You pick up a book of Vapours and begin reading...
  1092 | D:2      | You add the spells Mercury Vapours, Mephitic Cloud and
                  | Freezing Cloud to your library.
  1335 | D:2      | Reached skill level 5 in Unarmed Combat
  1534 | D:2      | Reached XP level 5. HP: 25/39 MP: 7/7
  1543 | D:2      | Reached skill level 3 in Shapeshifting
  1828 | D:3      | Found a runed translucent gate.
  1828 | D:3      | Found a runed translucent gate.
  1828 | D:3      | Found a runed translucent gate.
  1833 | D:3      | Noticed NateTC's ghost (amateur GrFi)
  3224 | D:4      | Reached XP level 6. HP: 41/45 MP: 8/8
  3276 | D:4      | Reached skill level 6 in Unarmed Combat
  3281 | D:4      | Mangled by an ogre

Vanquished Creatures
  A scorpion (D:4)
  An orc priest (D:2)
  3 iguanas
  3 orc wizards (D:2)
  7 adders
  A dart slug (D:1)
  13 orcs
  4 ball pythons
  6 endoplasms
  3 giant cockroaches
  13 hobgoblins
  2 jackals (D:4)
  5 bats
  4 frilled lizards
  7 goblins
  7 kobolds
  2 rats
82 creatures vanquished.

Vanquished Creatures (others)
  An orc wizard (D:2)
1 creature vanquished.

Grand Total: 83 creatures vanquished

Table legend:
 A = Non-vault XP
 B = Vault XP
 C = Vault XP percentage of total XP
 D = Non-vault monster count
 E = Vault monster count
 F = Vault count percentage of total count
                 A         B        C        D         E       F
            +---------+---------+-------+---------+---------+-------
      Total |     461 |      86 |  15.7 |      79 |       4 |   4.8
            +---------+---------+-------+---------+---------+-------
        D:1 |      50 |       0 |   0.0 |      27 |       0 |   0.0
        D:2 |     228 |       0 |   0.0 |      21 |       0 |   0.0
        D:3 |      38 |       0 |   0.0 |      12 |       0 |   0.0
        D:4 |     145 |      86 |  37.2 |      19 |       4 |  17.4
            +---------+---------+-------+---------+---------+-------

Skill      XL: |  1  2  3  4  5  6 |
---------------+-------------------+-----
Unarmed Combat | 3 4 5 6 |  6.0
Shapeshifting  | 3 |  3.8
Fighting       | |  0.8
Dodging        | |  1.7

Action                     |  1- 3 |  4- 6 || total
---------------------------+-------+-------++-------
  Melee: Unarmed           |    93 |   172 ||   265
         Punch             |     2 |     8 ||    10
    Use: Potion            |     1 |     5 ||     6
   Stab: Sleeping          |     1 |       ||     1
 Armour: Animal skin       |    48 |     6 ||    54
         Skin              |    28 |       ||    28
         Plate armour      |       |   142 ||   142
  Dodge: Dodged            |    47 |    29 ||    76

Illustrated notes

Table legend:
 A = Kills in this place as a percentage of kills in the entire game.
 B = Kills by you in this place as a percentage of kills by you in the entire game.
 C = Kills by friends in this place as a percentage of kills by friends in the entire game.
 D = Other kills in this place as a percentage of other kills in the entire game.
 E = Experience gained in this place as a percentage of experience gained in the entire game.
 F = Experience gained in this place divided by the number of levels of this place that you have seen.
                   A       B       C       D       E      F
               +-------+-------+-------+-------+-------+----------------------
         Total | 100.0 | 100.0 |   N/A | 100.0 | 100.0 | 136.8
       Dungeon | 100.0 | 100.0 |   N/A | 100.0 | 100.0 | 136.8
               +-------+-------+-------+-------+-------+----------------------

Table legend: (Time is in decaauts)
 A = Elapsed time spent in this place.
 B = Non-inter-level travel time spent in this place.
 C = Inter-level travel time spent in this place.
 D = Time resting spent in this place.
 E = Time spent auto-exploring this place.
 F = Levels seen in this place.
 G = Mean time per level.
                   A        B        C        D        E       F      G
               +--------+--------+--------+--------+--------+-----+--------+
         Total |   3243 |   3139 |    104 |      0 |   2468 |   4 |  810.8 |
       Dungeon |   3243 |   3139 |    104 |      0 |   2468 |   4 |  810.8 |
               +--------+--------+--------+--------+--------+-----+--------+

Top non-repeatable levels by time:
     D:3: 964 daAuts
     D:1: 925 daAuts
     D:2: 813 daAuts
     D:4: 540 daAuts
